 Dungeon Crawl Stone Soup version 0.25-a0-287-g56a5b49892 (webtiles) character file.

Game seed: 8756062440786867945, levelgen mode: deterministic

652 toffzen the Cudgeler (level 7, -7/66 HPs)
             Began as a Gargoyle Fighter on Dec 12, 2019.
             Was a Follower of Cheibriados.
             Killed from afar by Dowan (13 damage)
             ... with a shard of ice
             ... on level 5 of the Dungeon.
             The game lasted 00:06:21 (3343 turns).

toffzen the Cudgeler (Gargoyle Fighter)             Turns: 3343, Time: 00:06:21

Health: -7/66      AC: 30    Str: 22    XL:     7   Next: 54%
Magic:  8/8        EV:  2    Int: 14    God:    Cheibriados [*.....]
Gold:   417        SH: 10    Dex: 13    Spells: 6/6 levels left

rFire    . . .     SeeInvis .   a - +1 flail (protect)
rCold    . . .     Gourm    .   c - +0 shield
rNeg     + + +     Faith    .   (armour currently unavailable)
rPois    ∞         Spirit   .   (helmet currently unavailable)
rElec    .         Reflect  .   (cloak currently unavailable)
rCorr    .         Harm     .   (gloves currently unavailable)
MR       .....     NoTele   +   (boots currently unavailable)
Stlth    +.........             (no amulet)
HPRegen  0.21/turn              r - +4 ring of intelligence
MPRegen  0.11/turn              (no ring)

@: tree-form, protection aura, glowing, very slow
A: negative energy resistance 1, petrification resistance, rot immunity, AC +4
a: Bend Time, Renounce Religion


You were on level 5 of the Dungeon.
You worshipped Cheibriados.
Cheibriados was aware of your devotion.
You were not hungry.
You were a tree.
You visited 2 branches of the dungeon, and saw 6 of its levels.
You also visited: Ossuary.

You collected 417 gold pieces.

Inventory:

Hand Weapons
 a - a +1 flail of protection (weapon)
Missiles
 k - 130 stones (quivered)
 q - 27 sling bullets
Armour
 b - a +0 scale mail (melded)
 c - a +0 shield (worn)
 p - a +0 cloak (melded)
 s - a +2 hat (melded)
Jewellery
 r - a +4 ring of intelligence (left branch)
Wands
 d - a wand of random effects (11)
 t - a wand of flame (16)
Scrolls
 g - 3 scrolls of remove curse
 h - a scroll of enchant weapon
 i - a scroll of enchant armour
 j - a scroll of blinking
 m - a scroll of fog
 v - 3 scrolls of teleportation
Potions
 e - a potion of agility
 l - 4 potions of lignification
 n - a potion of resistance
 o - a potion of flight
Comestibles
 f - 5 rations
 u - 4 chunks of flesh


   Skills:
 + Level 4.8 Fighting
 * Level 5.1 Maces & Flails
 + Level 4.9 Armour
 + Level 1.1 Dodging
 + Level 4.9 Shields
 + Level 1.5 Invocations


You had 6 spell levels left.
You didn't know any spells.
Your spell library was empty.

Dungeon Overview and Level Annotations

Branches:
Dungeon (5/15)             Temple (1/1) D:4         Ossuary (visited)

Altars:
Cheibriados
Elyvilon
Hepliaklqana
Makhleb
Ru
Trog
Vehumet
Wu Jian
Xom
Yredelemnul
The Shining One

Annotations:
D:5 Dowan


Innate Abilities, Weirdness & Mutations

You are resistant to torment.
((Your stone body is resilient. (AC +4)))
You are immune to poison.
You resist negative energy. (rN+)
((You are resistant to electric shocks. (rElec)))
((You can survive without breathing.))
You are immune to petrification.
You are immune to rotting.


Message History

Press: ? - help, Shift-Dir - straight line, f/p - Dowan
Aim: Dowan, wielding a +0 dagger and wearing a +0 robe (heavily wounded, fast)
The puff of flame hits Dowan.
Dowan is severely wounded.
Dowan gestures at you while chanting. The shard of ice hits you!!
* * * LOW HITPOINT WARNING * * *
Evoke which item? (* to show all) (? for menu, Esc to quit)
Okay, then.
Really quaff the potion of lignification?
You turn into a tree.
Your +0 cloak melds into your body.
Your +2 hat melds into your body.
Your +0 scale mail melds into your body.
Your roots penetrate the ground.
You hit Dowan.
Your weapon exudes an aura of protection.
Dowan is almost dead.
Dowan points at you and mumbles some strange words.
The shard of ice hits you!
You die...

......## #........##
.......#####.....##.##
........##...........#
.........#...........#
.....................# # #
.##..............#...##.#....
###..............##......##
#...........(..###.#.......
#............e♣.#..........
#...##.......##.).##.......#
##.# #...#...###............
.. ...##...# #####........
... ........ #.. ........
...#...


You could see Dowan.

Vanquished Creatures
  Edmund (D:4)
  Duvessa (D:5)
  A crimson imp (D:4)
  A jelly (D:5)
  2 hounds (D:4)
  A gnoll shaman (D:4)
  2 worker ants (D:4)
  Terence (D:3)
  2 big kobold zombies (Ossuary)
  2 mummies (Ossuary)
  5 adders
  3 gnolls
  3 worms
  2 dart slugs (D:1)
  3 leopard geckos
  3 giant cockroaches
  A gnoll zombie (Ossuary)
  2 goblins (D:2)
  4 hobgoblins
  5 kobolds
  A quokka (D:4)
  2 ball pythons
  7 bats
  2 frilled lizards
  4 goblin zombies (Ossuary)
  4 hobgoblin zombies (Ossuary)
  3 orc zombies (Ossuary)
  13 rats
81 creatures vanquished.

Notes
Turn   | Place    | Note
-------+----------+-------------------------------------------
     0 | D:1      | toffzen the Gargoyle Fighter began the quest for the Orb.
     0 | D:1      | Reached XP level 1. HP: 14/14 MP: 1/1
   172 | D:1      | Reached XP level 2. HP: 19/19 MP: 2/2
   639 | D:1      | Reached XP level 3. HP: 21/23 MP: 3/3
   940 | D:2      | Found a hazy altar of Hepliaklqana.
  1418 | D:3      | Found a glowing golden altar of the Shining One.
  1518 | D:3      | Reached skill level 3 in Maces & Flails
  1518 | D:3      | Reached XP level 4. HP: 24/29 MP: 4/4
  1560 | D:3      | Noticed Terence
  1566 | D:3      | Killed Terence
  2048 | D:3      | Found a sacrificial altar of Ru.
  2051 | D:3      | Found a basalt altar of Yredelemnul.
  2053 | D:3      | Found an ornate altar of the Wu Jian Council.
  2218 | D:4      | Noticed Edmund
  2225 | D:4      | Killed Edmund
  2225 | D:4      | Reached skill level 4 in Maces & Flails
  2225 | D:4      | Reached XP level 5. HP: 33/33 MP: 5/5
  2281 | D:4      | Reached XP level 6. HP: 35/38 MP: 6/6
  2574 | D:4      | Found a staircase to the Ecumenical Temple.
  2584 | Temple   | Entered the Ecumenical Temple
  2593 | Temple   | Became a worshipper of Cheibriados the Contemplative
  2729 | D:4      | Found a sand-covered staircase.
  2735 | Ossuary  | Entered an ossuary
  3068 | D:4      | Reached skill level 1 in Invocations
  3068 | D:4      | Reached XP level 7. HP: 41/44 MP: 7/7
  3107 | D:5      | Entered Level 5 of the Dungeon
  3189 | D:4      | Reached * piety under Cheibriados
  3254 | D:5      | Reached skill level 1 in Dodging
  3298 | D:5      | Noticed Dowan
  3298 | D:5      | Noticed Duvessa
  3327 | D:5      | Killed Duvessa
  3327 | D:5      | Reached skill level 5 in Maces & Flails
  3343 | D:5      | Killed from afar by Dowan

Levels and vault maps discovered:
D:1:      dpeg_arrival_ratfight, layout_rooms
D:2:      layout_basic, minmay_door_square, lemuel_tele_altar
D:3:      layout_loops_ring, grunt_temple_overflow_diamond, tso_altar,
          first_ration, uniq_terence
D:4:      layout_loops_cross, minmay_temple_entry_antechambers, enter_ossuary_5,
          minmay_fractal_squares_gapless_5, uniq_edmund
D:5:      layout_cave_pools, minitemple, uniq_duvessa
Temple:   dshaligram_water_room_temple

Skill      XL: |  1  2  3  4  5  6  7 |
---------------+----------------------+-----
Maces & Flails | 3 4 5 |  5.1
Fighting       | 4 |  4.8
Armour         | 4 |  4.9
Shields        | 4 |  4.9
Invocations    | 1 |  1.5
Dodging        | 1 |  1.1

Action                   |  1- 3 |  4- 6 |  7- 9 || total
-------------------------+-------+-------+-------++-------
Melee: Flail             |   157 |   183 |    69 ||   409
Evoke: Wand              |       |       |     2 ||     2
  Use: Potion            |       |     2 |     2 ||     4
       Scroll            |       |    11 |       ||    11
  Eat: Chunk             |     2 |     2 |     1 ||     5
       Ration            |       |     1 |       ||     1
Armor: Scale mail        |    97 |   132 |    49 ||   278
Dodge: Dodged            |    46 |    57 |    25 ||   128
Block: Shield            |    91 |   111 |    46 ||   248

Table legend:
 A = Non-vault XP
 B = Vault XP
 C = Vault XP percentage of total XP
 D = Non-vault monster count
 E = Vault monster count
 F = Vault count percentage of total count
                 A         B        C        D         E       F
            +---------+---------+-------+---------+---------+-------
      Total |     379 |     553 |  59.3 |      53 |      28 |  34.6
            +---------+---------+-------+---------+---------+-------
        D:1 |      30 |       5 |  14.3 |      18 |       5 |  21.7
        D:2 |      31 |       0 |   0.0 |      11 |       0 |   0.0
        D:3 |      28 |      32 |  53.3 |       8 |       1 |  11.1
        D:4 |     227 |     273 |  54.6 |      13 |       5 |  27.8
        D:5 |      63 |     142 |  69.3 |       3 |       1 |  25.0
    Ossuary |       0 |     101 | 100.0 |       0 |      16 | 100.0
            +---------+---------+-------+---------+---------+-------
